 Dungeon Crawl Stone Soup version 0.16-a0-313-gd7fe310 (webtiles) character file.

131292 Misa the Warrior (level 17, -3/122 HPs)
             Began as a Gargoyle Berserker on Aug 25, 2014.
             Was a High Priest of Trog.
             Shot with an arrow by a naga sharpshooter (6 damage)
             ... led by Vashnia
             ... on Level 2 of the Snake Pit on Sept 1, 2014.
             The game lasted 03:41:10 (37849 turns).

Misa the Warrior (Gargoyle Berserker)              Turns: 37849, Time: 03:41:11

HP  -3/122       AC 34     Str 34      XL: 17   Next:  9%
MP  17/17        EV 10     Int 10      God: Trog [*****.]
Gold 2358        SH  0     Dex 11      Spells:  0 memorised, 16 levels left

rFire  . . .     SeeInvis +     P - +2 battleaxe (vamp)
rCold  . . .     Clarity  .     p - +3 ring mail of Wrong Decisions {rPois Int+2 SInv}
rNeg   + . .     rCorr    .     (no shield)
rPois  +         rRot     +     L - +2 helmet
rElec  +         Spirit   .     y - +0 cloak
SustAb .         Warding  .     W - +0 pair of gloves {Str+3}
rMut   .         Stasis   .     S - +1 pair of boots {Fly}
Gourm  +                        F - amulet of the gourmand
MR     +++..                    l - +2 ring of dexterity
                                o - +3 ring of strength

@: exhausted, flying, regenerating, slowed, very slow, extremely resistant to
hostile enchantments, very unstealthy
A: able to fly continuously, big wings, negative energy resistance 1,
electricity resistance, unbreathing, petrification resistance, rot immunity, AC
+12
a: Stop Flying, Burn Spellbooks, Berserk, Trog's Hand, Brothers in Arms,
Renounce Religion


You were on level 2 of the Snake Pit.
You worshipped Trog.
Trog was extremely pleased with you.
You were full.

You visited 7 branches of the dungeon, and saw 32 of its levels.
You also visited: Labyrinth and Ossuary.

You collected 3416 gold pieces.
You spent 1058 gold pieces at shops.

Inventory:

Hand weapons
 u - a +4 antimagic executioner's axe
 D - a +3 executioner's axe of flaming
 P - a +2 vampiric battleaxe (weapon)
 Q - the +7 hand axe of Pirchedef {chop, MR++ Dex+1}
   (You found it in a labyrinth)

   It inflicts extra damage upon your enemies.
   It affects your dexterity (+1).
   It affects your resistance to hostile enchantments.
 T - a +8 antimagic war axe
 Z - a +5 battleaxe of electrocution
Armour
 p - the +3 ring mail of Wrong Decisions (worn) {rPois Int+2 SInv}
   (You found it on level 8 of the Lair of Beasts)

   It affects your intelligence (+2).
   It protects you from poison.
   It enhances your eyesight.
 y - a +0 cloak (worn)
 L - a +2 helmet (worn)
 S - a +1 pair of boots of flying (worn)
 W - a +0 pair of gloves of strength (worn)
Magical devices
 B - a wand of digging (7)
 H - a wand of heal wounds (1)
 N - a wand of digging (8)
Comestibles
 a - a royal jelly
 b - 15 fruits
 c - 22 bread rations
 r - 5 meat rations
 C - a beef jerky
 J - 5 slices of pizza
Scrolls
 d - 3 scrolls of fear
 e - 7 scrolls of recharging
 h - 6 scrolls of enchant armour
 i - 13 scrolls of remove curse
 k - a scroll of enchant weapon
 q - 11 scrolls of teleportation
 w - 4 scrolls of magic mapping
 A - 2 scrolls of fog
 R - a scroll of vulnerability
 V - 17 scrolls of identify
 Y - a scroll of holy word
Jewellery
 g - an uncursed amulet of resist mutation
 l - a +2 ring of dexterity (right hand)
 o - a +3 ring of strength (left hand)
 v - an uncursed ring of ice {unknown}
 z - a cursed -3 ring of protection {unknown}
 E - an uncursed ring of sustain abilities
 F - an amulet of the gourmand (around neck)
 G - an uncursed ring of see invisible
Potions
 f - 3 potions of might
 j - 7 potions of agility
 m - 4 potions of heal wounds
 n - 14 potions of curing
 s - 6 potions of restore abilities
 t - 4 potions of haste
 x - 2 potions of resistance
 I - a potion of brilliance
 K - a potion of berserk rage
 M - a potion of porridge
 O - 2 potions of invisibility
 U - 2 potions of cure mutation
 X - a potion of magic


   Skills:
 + Level 19.1 Fighting
 + Level 16.5 Axes
 + Level 16.2 Armour
 - Level 1.5 Dodging


You had 16 spell levels left.
You didn't know any spells.

Dungeon Overview and Level Annotations

Branches:
Dungeon (15/15)            Temple (0/1) D:6             Orc (4/4) D:9
    Elf (1/3) Orc:3          Lair (8/8) D:8           Swamp (1/5) Lair:4
  Snake (2/5) Lair:4        Slime (0/6) Lair:6       Vaults (0/5) D:13
 Depths (1/5) D:15

Altars:
Dithmenos
Elyvilon
Gozag
Kikubaaqudgha
Sif Muna
Trog
Xom
Yredelemnul
Zin
Beogh

Shops:
D:7 *((}   D:10 *   D:14 *   Orc:4 [*%=

Portals:
Hell: Depths:1

Annotations:
Snake:2 Vashnia


Innate Abilities, Weirdness & Mutations

You are resistant to torment.
You are immune to poison.
You can fly continuously.
Your stone body is very resilient (AC +12).
Your wings are large and strong.
You resist negative energy.
You are resistant to electric shocks.
You can survive without breathing.
You are immune to petrification.
You are immune to rotting.


Message History

Trog appreciates your killing of a magic user.
Vashnia shoots a bolt.
The bolt hits you but does no damage.
The naga sharpshooter shoots an arrow.
The arrow hits you but does no damage.
Found a meat ration.
Things that are here:
a shortbow; an uncursed glaive; 12 arrows You feel a strong urge to attack something.
Items here: (( ))))
You are no longer berserk.
You are exhausted.
You feel yourself slow down.
Vashnia mumbles some strange words.
Vashnia magically shoots a bolt.
The bolt hits you!!
* * * LOW HITPOINT WARNING * * *
The bolt freezes you.
* * * LOW HITPOINT WARNING * * *
x2 The naga sharpshooter shoots an arrow.
The arrow hits you!
* * * LOW HITPOINT WARNING * * *
The arrow burns you.
You die...

.......#####...##.......
...........(...##......
..........(....##......#
.............(.###....%#
..............(#####N..#
.......##......()......##
##).....###....()........
#.......# ######).......#
...(....# #.@....####
........######..N...##
...................##
...................#
.................###
#..............###
######...###### #####


You could see Vashnia and a naga sharpshooter.

Vanquished Creatures
  A minotaur (Lab)
  Snorg (Orc:3)
  A vault guard (D:13)
  The ghost of Afay the Eclecticist, a powerful DECj of Vehumet (Orc:4)
  A yaktaur captain (D:12)
  2 hydras
  A naga warrior (Snake:2)
  4 anacondas
  6 centaur warriors
  3 ogre magi
  A catoblepas (D:15)
  3 shock serpents (Snake:1)
  4 naga sharpshooters
  Nergalle (D:10)
  2 deep elf knights (Elf:1)
  A salamander mystic (Snake:1)
  The ghost of nht the Quickloader, an experienced MiHu of Okawaru (D:9)
  2 deep trolls (Orc:4)
  3 deep elf summoners (Elf:1)
  A wizard (D:15)
  3 unseen horrors
  11 ugly things
  3 harpies (Elf:1)
  2 orc knights
  An oklob plant (Lair:2)
  7 deep elf conjurers
  A necromancer (D:13)
  A mana viper (Snake:1)
  9 hill giants
  8 cyclopes
  3 orc sorcerers
  4 griffons
  5 manticores (Elf:1)
  10 black mambas
  5 elephants (Lair:8)
  A centaur zombie (D:13)
  Maurice (Orc:3)
  A salamander (Snake:1)
  A black mamba (shapeshifter) (D:9)
  Joseph (Orc:3)
  A gargoyle (D:13)
  A torpor snail (Lair:4)
  Psyche (Orc:3)
  30 spiny frogs
  8 naga magi
  An efreet (D:15)
  10 komodo dragons
  A kobold demonologist (D:13)
  4 yaktaurs (D:15)
  3 deep elf priests (Elf:1)
  3 fire drakes
  A jumping spider (Elf:1)
  Grinder (D:6)
  A wind drake (shapeshifter) (D:14)
  A hydra zombie (D:15)
  9 trolls
  5 giant leeches (Lair:8)
  A hydra skeleton (D:15)
  7 two-headed ogres
  5 slime creatures
  A griffon zombie (D:13)
  27 blink frogs
  2 ravens (Lair:4)
  9 basilisks
  A wyvern (D:12)
  2 shadows
  A redback (Elf:1)
  21 yaks
  11 deep elf magi
  A spriggan (D:7)
  11 deep elf fighters (Elf:1)
  2 wraiths (D:15)
  2 steam dragons
  The ghost of PotatoesMaster the Skirmisher, an average HOAK of Lugonu (Ossuary)
  3 wolves (Lair:4)
  9 hippogriffs
  A hill giant skeleton (D:14)
  6 wargs
  A tengu zombie (D:14)
  3 mottled dragons
  10 vampire mosquitoes
  A soldier ant (D:12)
  21 water moccasins
  4 hell hounds (Elf:1)
  6 swamp worms (Lair:4)
  13 nagas
  5 porcupines
  A yellow wasp (D:15)
  4 phantoms
  3 sky beasts
  7 ice beasts
  2 manticore zombies (D:14)
  A swamp drake (Lair:8)
  3 boggarts (D:15)
  18 orc warriors
  41 ogres
  15 centaurs
  14 crocodiles
  3 black bears
  A manticore skeleton (D:14)
  A boring beetle (Lair:6)
  3 big kobolds
  A boring beetle (shapeshifter) (Depths:1)
  A yaktaur zombie (D:13)
  5 water moccasin zombies (Ossuary)
  27 giant frogs
  7 earth elementals (D:15)
  A cyclops zombie (D:10)
  2 eyes of draining
  A troll zombie (D:9)
  9 scorpions
  A hippogriff zombie (D:10)
  5 electric eels
  26 killer bees
  15 wights
  7 crimson imps
  A hippogriff skeleton (D:6)
  20 orc priests
  A basilisk zombie (D:15)
  6 jellies
  A quasit (D:7)
  2 centaur skeletons
  9 hounds
  9 iguanas
  A black bear skeleton (D:7)
  A gnoll shaman (D:5)
  An elf skeleton (D:11)
  35 orc wizards
  An orange rat (Elf:1)
  17 worker ants
  An ogre zombie (D:10)
  22 sheep
  4 big kobold zombies (Ossuary)
  Ijyb (D:6)
  A big kobold skeleton (D:7)
  2 mummies (Ossuary)
  A worker ant zombie (D:10)
  A hound skeleton (D:10)
  18 adders
  7 gnolls
  63 green rats
  2 shadow imps
  4 giant mites (D:8)
  12 white imps (Lair:2)
  3 worms
  An orc simulacrum (D:10)
  6 adder zombies (Ossuary)
  An adder skeleton (D:7)
  7 giant geckos
  An ooze (D:7)
  156 orcs
  5 giant cockroaches
  30 hobgoblins
  28 kobolds
  13 bats
  A giant gecko skeleton (D:5)
  3 giant newts
  2 giant spores
  2 gnoll zombies (Ossuary)
  20 goblins
  A hobgoblin skeleton (D:5)
  6 hobgoblin zombies
  10 jackals
  3 kobold zombies (Ossuary)
  3 orc skeletons
  8 orc zombies
  8 quokkas
  A quokka zombie (D:8)
  11 rats
  A rat zombie (D:8)
  5 ballistomycetes
  3 crawling corpses (Elf:1)
  12 fungi
  6 plants
1213 creatures vanquished.

Vanquished Creatures (collateral kills)
  A sphinx (Elf:1)
  A stone giant (Depths:1)
  The ghost of nht the Cruncher, a powerful MiHu of Trog (Lair:5)
  A fire dragon (Elf:1)
  Josephine (D:10)
  An ogre mage (Orc:4)
  7 hydras
  2 centaur warriors
  Erica (D:15)
  2 naga sharpshooters (Snake:2)
  A harpy (Elf:1)
  A hill giant (D:15)
  A griffon (Elf:1)
  A cyclops (D:14)
  A spiny frog (Lair:8)
  2 trolls (Orc:4)
  A polar bear (Lair:5)
  A fire dragon zombie (D:15)
  A vampire mosquito (Lair:8)
  2 ogres (Orc:4)
  5 centaurs
  A black bear (D:10)
  2 crocodiles (Lair:5)
  A giant frog (Lair:8)
  2 electric eels (Lair:8)
  A centaur zombie (Depths:1)
  A basilisk zombie (D:10)
  A shadow imp (D:15)
44 creatures vanquished.

Vanquished Creatures (others)
  A deep troll (Snake:2)
  A hill giant (Lair:8)
  A cyclops (D:10)
  A gargoyle (D:15)
  2 trolls
  A two-headed ogre (Elf:1)
  2 wights (D:10)
  An orc priest (Orc:4)
  A hobgoblin (Orc:4)
  A giant spore (D:11)
  3 kobolds (D:10)
  A plant (Lair:8)
16 creatures vanquished.

Grand Total: 1273 creatures vanquished

Notes
Turn   | Place    | Note
--------------------------------------------------------------
     0 | D:1      | Misa, the Gargoyle Berserker, began the quest for the Orb.
     0 | D:1      | Reached XP level 1. HP: 14/14 MP: 1/1
   339 | D:1      | Reached XP level 2. HP: 14/19 MP: 2/2
  1191 | D:2      | Reached skill level 4 in Fighting
  1230 | D:2      | Upgraded the game from 0.16-a0-262-g6fc725f to 0.16-a0-286-g6bac339
  1329 | D:2      | Acquired Trog's second power
  1329 | D:2      | Reached XP level 3. HP: 16/24 MP: 3/3
  2037 | D:3      | Reached XP level 4. HP: 26/30 MP: 4/4
  2467 | D:4      | Noticed an ogre
  2473 | D:4      | Killed an ogre
  2473 | D:4      | Reached skill level 5 in Fighting
  2473 | D:4      | Reached XP level 5. HP: 15/35 MP: 5/5
  2681 | D:4      | Noticed an ogre
  2684 | D:5      | Entered Level 5 of the Dungeon
  2720 | D:4      | Killed an ogre
  2720 | D:4      | Reached XP level 6. HP: 41/41 MP: 6/6
  2815 | D:4      | Reached skill level 6 in Fighting
  2972 | D:4      | Reached skill level 5 in Axes
  3371 | D:4      | Noticed an ogre
  3379 | D:4      | Killed an ogre
  3379 | D:4      | Reached XP level 7. HP: 47/47 MP: 7/7
  3563 | D:5      | Found a shadowy altar of Dithmenos.
  4035 | D:5      | Noticed a centaur
  4046 | D:5      | Killed a centaur
  4046 | D:5      | Reached skill level 7 in Fighting
  4343 | D:5      | Noticed a centaur
  4367 | D:5      | Killed a centaur
  4523 | D:5      | Reached XP level 8. HP: 11/53 MP: 8/8
  5395 | D:6      | Acquired Trog's third power
  5403 | D:6      | Reached skill level 8 in Fighting
  5588 | D:6      | Found a staircase to the Ecumenical Temple.
  5701 | D:6      | Noticed Grinder
  5719 | D:6      | Killed Grinder
  5891 | D:5      | Reached skill level 9 in Fighting
  6179 | D:6      | Reached XP level 9. HP: 60/60 MP: 9/9
  6454 | D:6      | Noticed Ijyb
  6472 | D:6      | Killed Ijyb
  6689 | D:7      | Found Kuoduap's Gadget Boutique.
  7472 | D:7      | Found Delatzer's Weapon Emporium.
  7572 | D:7      | Bought a +0 battleaxe for 71 gold pieces
  7683 | D:7      | Found Meudil's Antique Weapon Boutique.
  7721 | D:7      | Found Keokhat's Assorted Antiques.
  7742 | D:7      | Bought a glowing helmet for 153 gold pieces
  8511 | D:8      | Found a bloodstained altar of Trog.
  8522 | D:8      | Reached skill level 10 in Fighting
  8805 | D:8      | Received a gift from Trog
  8903 | D:8      | Found a sand-covered staircase.
  8913 | Ossuary  | Entered an ossuary
  9156 | Ossuary  | Noticed PotatoesMaster's ghost (average HOAK)
  9165 | Ossuary  | Killed PotatoesMaster's ghost
  9244 | D:8      | Reached XP level 10. HP: 58/68 MP: 10/10
  9283 | D:8      | Reached skill level 11 in Fighting
  9412 | D:8      | Found an ancient bone altar of Kikubaaqudgha.
  9802 | D:8      | Found a staircase to the Lair.
  9823 | D:8      | Found an opulent altar of Gozag.
  9829 | D:8      | Found a white marble altar of Elyvilon.
  9833 | D:8      | Found a basalt altar of Yredelemnul.
 10026 | D:9      | Reached skill level 10 in Axes
 10484 | D:9      | Found a staircase to the Orcish Mines.
 10546 | D:9      | Noticed a black mamba
 10557 | D:9      | Killed a black mamba
 10557 | D:9      | Reached skill level 12 in Fighting
 10664 | D:9      | Received a gift from Trog
 10686 | D:9      | Found a glowing silver altar of Zin.
 10871 | D:10     | Entered Level 10 of the Dungeon
 11090 | D:10     | Found a deep blue altar of Sif Muna.
 11251 | D:10     | Noticed Nergalle
 11270 | D:10     | Killed Nergalle
 11270 | D:10     | Reached XP level 11. HP: 60/76 MP: 3/11
 11607 | D:10     | Killed an unseen horror
 11652 | D:10     | Found Dupliev's Assorted Antiques.
 11680 | D:10     | Noticed Josephine
 11688 | D:10     | Killed Josephine
 11726 | D:10     | Killed an unseen horror
 11726 | D:10     | Reached skill level 5 in Armour
 11820 | Lair:1   | Entered Level 1 of the Lair of Beasts
 11833 | Lair:1   | Noticed a four-headed hydra
 11840 | Lair:1   | Killed a five-headed hydra
 11840 | Lair:1   | Reached skill level 13 in Fighting
 13400 | Lair:2   | Reached XP level 12. HP: 76/84 MP: 4/12
 13558 | Lair:2   | Found a frozen archway.
 14434 | Lair:3   | Noticed a seven-headed hydra
 14438 | Lair:3   | Killed a seven-headed hydra
 14542 | Lair:3   | Identified a +5 rod of clouds (12/12) (You found it on level 2 of the Lair of Beasts)
 14543 | Lair:3   | Identified a +1 rod of ignition (11/11) (You found it on level 3 of the Lair of Beasts)
 14600 | Lair:3   | Reached skill level 14 in Fighting
 15362 | Lair:4   | Upgraded the game from 0.16-a0-286-g6bac339 to 0.16-a0-296-gbdb9f68
 15434 | Lair:4   | Received a gift from Trog
 15518 | Lair:4   | Found a labyrinth entrance.
 15548 | Lab      | Entered a labyrinth
 15592 | Lab      | Noticed a minotaur
 15598 | Lab      | Killed a minotaur
 15651 | Lab      | Got a twisted hand axe
 15682 | Lair:4   | Identified the +7 hand axe of Pirchedef {chop, MR++ Dex+1} (You found it in a labyrinth)
 15866 | Lair:4   | Received a gift from Trog
 15897 | Lair:4   | Found a staircase to the Swamp.
 16099 | Swamp:1  | Entered Level 1 of the Swamp
 16450 | Lair:4   | Found a staircase to the Snake Pit.
 17084 | Lair:4   | Reached XP level 13. HP: 91/91 MP: 13/13
 17440 | Lair:5   | Noticed nht's ghost (powerful MiHu)
 17450 | Lair:5   | Killed nht's ghost
 17450 | Lair:5   | Reached skill level 10 in Armour
 18147 | Lair:6   | Reached skill level 15 in Fighting
 18236 | Lair:6   | Found a staircase to the Slime Pits.
 18255 | Lair:6   | Received a gift from Trog
 19279 | Lair:7   | Received a gift from Trog
 20378 | Lair:8   | Entered Level 8 of the Lair of Beasts
 20385 | Lair:8   | Received a gift from Trog
 21262 | Lair:8   | Gained mutation: Your wings are large and strong. [gargoyle growth]
 21262 | Lair:8   | Reached XP level 14. HP: 97/99 MP: 14/14
 21351 | Lair:8   | Got a distressingly furry ring mail
 21352 | Lair:8   | Identified the +3 ring mail of Wrong Decisions {rPois Int+2 SInv} (You found it on level 8 of the Lair of Beasts)
 21499 | Lair:8   | Reached skill level 16 in Fighting
 21684 | Lair:8   | Received a gift from Trog
 23265 | D:11     | Received a gift from Trog
 24208 | D:12     | Got an agate-encrusted leather armour
 24209 | D:12     | Identified the +2 leather armour of the Clouds {Str+3 Curse} (You found it on level 12 of the Dungeon)
 24928 | D:13     | Identified a scroll of acquirement
 25003 | D:13     | Found a gate to the Vaults.
 25405 | D:13     | Received a gift from Trog
 26557 | D:14     | Reached skill level 17 in Fighting
 26559 | D:14     | Reached XP level 15. HP: 103/107 MP: 15/15
 27089 | D:14     | Received a gift from Trog
 27197 | D:14     | Found Doutut's Assorted Antiques.
 27320 | D:14     | Bought a metallic green potion for 27 gold pieces
 28145 | Orc:1    | Entered Level 1 of the Orcish Mines
 28370 | Orc:1    | Found a roughly hewn altar of Beogh.
 28640 | Orc:1    | Received a gift from Trog
 29023 | Orc:3    | Noticed Joseph
 29036 | Orc:3    | Killed Joseph
 29270 | Orc:3    | Noticed Maurice
 29297 | Orc:3    | Killed Maurice
 29322 | Orc:3    | Found a shimmering altar of Xom.
 29398 | Orc:3    | Noticed Psyche
 29405 | Orc:3    | Killed Psyche
 29413 | Orc:3    | Received a gift from Trog
 29445 | Orc:3    | Reached skill level 15 in Axes
 29463 | Orc:3    | Noticed Snorg
 29475 | Orc:3    | Killed Snorg
 29542 | Orc:3    | Found a staircase to the Elven Halls.
 29650 | Orc:4    | Entered Level 4 of the Orcish Mines
 29653 | Orc:3    | Upgraded the game from 0.16-a0-296-gbdb9f68 to 0.16-a0-313-gd7fe310
 30360 | Orc:4    | Found Etyerr's Food Boutique.
 30399 | Orc:4    | Received a gift from Trog
 30461 | Orc:4    | Found Thrasig's Antique Armour Shoppe.
 30506 | Orc:4    | Found Quavow's General Store.
 30507 | Orc:4    | Found Puxkoes' Jewellery Shop.
 30543 | Orc:4    | Bought 2 potions of heal wounds for 72 gold pieces
 30543 | Orc:4    | Bought a scroll of blinking for 90 gold pieces
 30543 | Orc:4    | Bought a scroll of remove curse for 36 gold pieces
 30543 | Orc:4    | Bought a potion of curing for 24 gold pieces
 30573 | Orc:4    | Bought an uncursed amulet of the gourmand for 390 gold pieces
 30573 | Orc:4    | Bought an uncursed ring of see invisible for 195 gold pieces
 30723 | Orc:4    | Received a gift from Trog
 30728 | Orc:4    | Noticed Afay's ghost (powerful DECj)
 30745 | Orc:4    | Killed Afay's ghost
 31880 | D:15     | Entered Level 15 of the Dungeon
 31880 | D:15     | Noticed Erica
 32158 | D:15     | Killed Erica
 32158 | D:15     | Received a gift from Trog
 32969 | D:15     | Reached skill level 18 in Fighting
 33123 | D:15     | Reached XP level 16. HP: 97/114 MP: 16/16
 33524 | D:15     | Reached skill level 15 in Armour
 33823 | D:15     | Found a staircase to the Depths.
 34112 | Depths:1 | Entered Level 1 of the Depths
 34112 | Depths:1 | Found a gateway to Hell.
 34154 | Depths:1 | Noticed a lich
 34570 | Elf:1    | Entered Level 1 of the Elven Halls
 34628 | Elf:1    | Received a gift from Trog
 34640 | Elf:1    | Noticed a sphinx
 34652 | Elf:1    | Paralysed by a sphinx for 3 turns
 34655 | Elf:1    | Killed a sphinx
 35658 | Elf:1    | Received a gift from Trog
 35769 | D:9      | Noticed nht's ghost (experienced MiHu)
 35777 | D:9      | Killed nht's ghost
 36322 | Snake:1  | Entered Level 1 of the Snake Pit
 37350 | Snake:2  | Reached skill level 19 in Fighting
 37403 | Snake:2  | Reached XP level 17. HP: 114/122 MP: 17/17
 37471 | Snake:2  | Received a gift from Trog
 37828 | Snake:2  | Noticed Vashnia
 37849 | Snake:2  | HP: 3/122 [naga sharpshooter/arrow[Vashnia] (13)]
 37849 | Snake:2  | Shot with an arrow by a naga sharpshooter

Action                   |  1- 3 |  4- 6 |  7- 9 | 10-12 | 13-15 | 16-18 || total
-------------------------+-------+-------+-------+-------+-------+-------++-------
Melee: Hand axe          |   122 |   134 |   443 |   125 |  2011 |   228 ||  3063
       Battleaxe         |       |       |   175 |   131 |       |   199 ||   505
       War axe           |       |       |       |   394 |       |       ||   394
       Executioner's axe |       |       |       |       |    16 |    68 ||    84
Throw: Javelin           |       |       |       |       |     1 |       ||     1
Invok: Berserk           |       |     3 |     8 |     5 |     6 |     4 ||    26
       Burn Spellbooks   |       |     1 |     1 |     1 |     3 |     1 ||     7
       Trog's Hand       |       |       |     2 |     1 |     4 |     5 ||    12
       Brothers in Arms  |       |       |       |     2 |     7 |     4 ||    13
 Abil: Fly               |       |       |       |       |     1 |       ||     1
Evoke: Wand              |       |       |       |     7 |     3 |       ||    10
       Rod               |       |       |       |     1 |       |       ||     1
  Use: Scroll            |       |     4 |     5 |    10 |    13 |     3 ||    35
       Potion            |       |       |       |    16 |     3 |     3 ||    22
 Stab: Confused          |       |       |       |       |     2 |       ||     2
  Eat: Chunk             |     4 |     5 |    24 |    30 |    70 |    26 ||   159
       Beef jerky        |       |     1 |       |     1 |       |       ||     2
       Fruit             |       |       |     4 |     2 |     3 |       ||     9
